AoeStats
← 啊超

Black Forest

505895500Analyzed
3v3 RM · 20d ago on Sep 11, 2026· 53m 44s· 6 players
Game mode
Random Map
Map size
Normal (6 player)
Population
200
Speed
Normal
Resources
Standard
Victory
Conquest
Starting age
Dark Age
Ending age
Imperial Age
RankedLock teamsTeams togetherTeam positionsShared explorationLock speedFull tech treeHidden civsTurbo modeCheats
Victory
Defeat
🇨🇦 Britons · Canada
1016
+16
🇦🇹 Bulgarians · Austria
995
+17
🇮🇹 Persians · Italy
984
+18
🇨🇳 Bohemians · China
1078
-20
🇺🇸 Turks · United States
1023
-17
🇨🇳 Franks · China
959
-14
BiggM4k
0:49 Loom
12:04 Feudal Age
13:38 Double-Bit Axe
14:02 Man-at-Arms
14:47 Arson
17:55 Forging
21:39 Horse Collar
24:55 Wheelbarrow
28:48 Castle Age
28:15 Stone Mining
28:17 Fletching
28:28 Padded Archer Armor
29:57 Bow Saw
29:49 Heavy Plow
30:17 Elite Skirmisher
33:35 Bodkin Arrow
34:50 Ballistics
35:22 Leather Archer Armor
36:43 Hand Cart
38:57 Crossbowman
39:07 Pikeman
39:49 Squires
40:51 Iron Casting
40:17 Scale Mail Armor
45:33 Imperial Age
44:31 Chain Mail Armor
44:24 Gambesons
46:44 Conscription
46:33 Bracer
46:46 Gambesons
46:22 Halberdier
46:47 Capped Ram
50:19 Arbalester
51:31 Ring Archer Armor
51:34 Plate Mail Armor
VladaN
0:44 Loom
22:28 Feudal Age
22:57 Town Watch
23:02 Double-Bit Axe
34:39 Castle Age
38:58 Bow Saw
38:40 Horse Collar
38:54 Gold Mining
39:06 Stone Mining
40:20 Gold Shaft Mining
40:02 Heavy Plow
46:22 Scale Barding Armor
49:37 Imperial Age
48:06 Scale Barding Armor
51:51 Scale Barding Armor
Fil
0:28 Loom
14:34 Feudal Age
16:13 Double-Bit Axe
19:13 Horse Collar
24:18 Castle Age
28:56 Stone Mining
30:45 Bow Saw
30:48 Heavy Plow
31:28 Wheelbarrow
31:16 Gold Mining
36:44 Imperial Age
34:10 Fletching
34:21 Padded Archer Armor
34:45 Ballistics
34:34 Crossbowman
36:25 Kamandaran
37:17 Thumb Ring
39:54 Hand Cart
40:59 Chemistry
39:59 Bodkin Arrow
40:20 Leather Archer Armor
41:16 Conscription
41:39 Onager
43:37 Elite War Elephant
48:38 Scale Barding Armor
51:34 Husbandry
51:47 Bloodlines
InhumaneToaster
8:35 Loom
12:13 Feudal Age
17:54 Castle Age
15:46 Double-Bit Axe
16:10 Horse Collar
16:35 Padded Archer Armor
18:29 Forging
18:24 Scale Barding Armor
19:14 Scale Barding Armor
19:14 Husbandry
19:18 Heavy Plow
20:08 Leather Archer Armor
26:37 Wheelbarrow
31:13 Bow Saw
33:55 Imperial Age
33:09 Hand Cart
33:21 Ballistics
35:55 Ring Archer Armor
36:36 Conscription
38:01 Two-Man Saw
37:29 Chain Barding Armor
39:02 Elite Janissary
40:08 Town Watch
41:24 Town Patrol
42:02 Plate Barding Armor
42:02 Iron Casting
40:51 Cavalier
41:41 Bloodlines
啊超
0:29 Loom
19:12 Feudal Age
27:02 Castle Age
25:26 Double-Bit Axe
25:42 Horse Collar
36:50 Imperial Age
36:08 Bow Saw
37:12 Pikeman
37:53 Squires
39:36 Chemistry
39:21 Ballistics
39:58 Forging
39:49 Scale Mail Armor
39:39 Arson
40:03 Halberdier
42:21 Fortified Wall
44:32 Houfnice
49:23 Iron Casting
49:04 Chain Mail Armor
ydyk123
0:40 Loom
14:34 Feudal Age
18:33 Man-at-Arms
28:36 Castle Age
28:08 Double-Bit Axe
30:09 Bow Saw
41:35 Forging
41:31 Scale Barding Armor
49:41 Imperial Age
49:48 Wheelbarrow
50:15 Padded Archer Armor
50:05 Fletching
Connection lost

Rejoining the realm…

Still unreachable

The connection could not be restored.

Session expired

The server has moved on; the page needs a fresh start.